 Dungeon Crawl Stone Soup version 0.28.0 (webtiles) character file.

Game seed: 18061678637572200143

2548 DildoBatman the Magician (level 9, 0/68 HPs)
             Began as a Formicid Conjurer on Feb 11, 2022.
             Was a Follower of Kikubaaqudgha.
             Slain by a vampire mosquito (10 damage)
             ... on level 7 of the Dungeon.
             The game lasted 00:27:07 (8111 turns).

DildoBatman the Magician (Formicid Conjurer)        Turns: 8111, Time: 00:27:08

Health: 0/68       AC:  3    Str: 12 (13) XL:     9   Next: 86%
Magic:  19/19      EV: 12    Int: 16 (17) God:    Kikubaaqudgha [*.....]
Gold:   438        SH:  0    Dex: 10 (13) Spells: 16/22 levels left

rFire   + . .      SeeInvis +   a - +2 flail (protect)
rCold   + . .      Faith    .   (no shield)
rNeg    . . .      Spirit   .   H - +0 robe
rPois   +          Reflect  .   (helmet unavailable)
rElec   +          Harm     .   (no cloak)
rCorr   +          Rampage  .   (no gloves)
Will    +....                   f - +0 pair of boots
Stlth   +.........              m - amulet of magic regeneration
HPRegen 0.21/turn               D - ring of willpower
MPRegen 0.56/turn               (no ring)

@: confused, resistant, ambrosia-drunk
A: permanent stasis, dig shafts and tunnels, antennae 3, four strong arms
a: Dig, Shaft Self, Renounce Religion, Receive Corpses


You were on level 7 of the Dungeon.
You worshipped Kikubaaqudgha.
Kikubaaqudgha was aware of your devotion.
You visited 1 branch of the dungeon, and saw 7 of its levels.

You collected 438 gold pieces.

Inventory:

Hand Weapons
 a - a +2 flail of protection (weapon)
 b - a +2 dagger of venom
 c - a +0 hunting sling
 d - the +8 war axe of Valour {antimagic, rPois Int-3 Dex+4 SInv}
   (You found it on level 4 of the Dungeon)

   It reduces the magical energy of the wielder, and disrupts the spells and
   magical abilities of those it strikes.
   Natural abilities and divine invocations are not affected.
   Int:       It affects your intelligence (-3).
   Dex:       It affects your dexterity (+4).
   rPois:     It protects you from poison.
   SInv:      It lets you see invisible.
 I - a +0 whip of electrocution
Missiles
 i - 9 sling bullets
 o - 93 arrows
 s - 63 bolts
 x - 4 javelins
 y - 78 stones
 F - a curare-tipped dart
 G - 10 poisoned darts
Armour
 f - a +0 pair of boots (worn)
 r - the +5 chain mail "Dinticw" {Int+4 SInv}
   (You found it on level 3 of the Dungeon)

   Int:       It affects your intelligence (+4).
   SInv:      It lets you see invisible.
 H - a +0 robe (worn)
Jewellery
 m - an amulet of magic regeneration (around neck)
 D - a ring of willpower (left hand)
Wands
 t - a wand of flame (24)
 J - a wand of iceblast (11)
Scrolls
 g - 4 scrolls of identify {unknown}
 j - a scroll of teleportation {unknown}
 l - a scroll of fear
 p - a scroll of silence {unknown}
 q - a scroll of enchant armour {unknown}
 u - a scroll of noise {unknown}
 A - a scroll of amnesia {unknown}
 B - a scroll of vulnerability {unknown}
 E - 2 scrolls of immolation {unknown}
 M - a scroll of fog {unknown}
Potions
 e - 3 potions of curing
 h - a potion of flight {unknown}
 k - 2 potions of degeneration
 n - a potion of magic
 v - a potion of might
 w - 2 potions of haste {unknown}
 z - a potion of ambrosia
 K - a potion of attraction {unknown}


   Skills:
 - Level 5.0 Fighting
 - Level 5.0 Armour
 - Level 3.0 Dodging
 - Level 2.4 Stealth
 - Level 7.0 Spellcasting
 - Level 6.0 Conjurations
 * Level 5.9 Necromancy


You had 16 spell levels left.
You knew the following spells:

 Your Spells              Type           Power      Damage    Failure   Level
a - Searing Ray           Conj           48%        2d6       1%          2
c - Magic Dart            Conj           96%        1d7       1%          1
d - Vampiric Draining     Necr           24%        2d7       3%          3

Your spell library contained the following spells:

 Spells                   Type           Power      Damage    Failure   Level
 Animate Skeleton         Necr           48%        N/A       1%          1
 Pain                     Necr           96%        1d8       1%          1
 Dazzling Flash           Conj/Hex       30%        N/A       11%         3
 Agony                    Necr           24%        N/A       30%         5
 Fulminant Prism          Conj/Hex       7%         3d7       34%         4
 Iskenderun's Mystic Bla  Conj/Tloc      15%        2d5       34%         4


Dungeon Overview and Level Annotations

Branches:
Dungeon (7/15)
 Temple: D:4-7

Altars:
Ashenzari
Cheibriados
Dithmenos
Kikubaaqudgha
Uskayaw
Wu Jian
Yredelemnul

Shops:
D:1 (   D:5 =   D:6 [

Annotations:
D:5 1 exclusion
D:6 1 exclusion
D:7 exclusions: sensed monster (detected) and 1 more exclusion


Innate Abilities, Weirdness & Mutations

You cannot be hasted, slowed, berserked, paralysed or teleported.
You can dig through walls and to a lower floor.
You have a pair of large antennae on your head. (SInv)
Your four strong arms can wield two-handed weapons with a shield.


Message History

The vampire mosquito draws strength from your injuries!
It was a potion of might.
You feel very mighty all of a sudden.
The vampire mosquito closely misses you. x2
It was a potion of degeneration.
There was something very wrong with that liquid.
You feel weakened.
You feel dopey.
You feel clumsy.
The vampire mosquito bites you but does no damage.
The vampire mosquito barely misses you.
It was a potion of magic.
Magic courses through your body.
The vampire mosquito closely misses you.
The vampire mosquito bites you!
The vampire mosquito draws strength from your injuries!
It was a potion of cancellation.
Your magical effects are unravelling.
You feel magically purged.
You feel less invigorated.
You feel less confused.
You feel a little less mighty now. The vampire mosquito bites you!
The vampire mosquito draws strength from your injuries!
The vampire mosquito misses you.
You are confused.
You feel invigorated. The vampire mosquito bites you.
The vampire mosquito draws strength from your injuries!
The vampire mosquito misses you.
It was a potion of resistance.
You feel protected.
The vampire mosquito completely misses you.
The vampire mosquito bites you!
The vampire mosquito draws strength from your injuries!
You miss the vampire mosquito.
The vampire mosquito closely misses you.
The vampire mosquito bites you!
You die...
Kikubaaqudgha rasps: "You have failed me!
Welcome... death!"

######'#####<##########
#.### ..........##...#
####<# ..........##.#.###
#....# ..........##.#...#
####.####
...#+#+#########.#####....#
<..#...# #........###
...#.#### ####.......#
........#########.#.#...#.#
..#.###.##...#..@y)..<....#
..c.>....#.#..#############
..#........##....###
.J#######.###......###
............##.......##
......[......>###.....#
..........#.#.# ###....#
........e.#.#.# ###..[#
..............# #...#


You could see a vampire mosquito.

Vanquished Creatures
  Sigmund (D:3)
  A shadow (D:6)
  A wyvern (D:7)
  An ice beast (D:5)
  2 orc warriors
  A necrophage (D:5)
  A hornet zombie (D:6)
  2 ogres
  A centaur (D:7)
  3 phantoms
  A kobold brigand (D:6)
  A bullfrog (D:5)
  2 scorpions (D:4)
  3 killer bees (D:7)
  A howler monkey (D:7)
  4 jellies
  3 centaur zombies
  3 hounds
  2 orc priests
  A centaur skeleton (D:5)
  Ijyb (D:3)
  4 iguanas
  2 orc wizards (D:6)
  A howler monkey zombie (D:6)
  A gnoll (D:1)
  5 adders
  2 shadow imps
  An adder skeleton (D:4)
  2 worms (D:2)
  A dart slug (D:3)
  19 orcs
  3 bat zombies (D:6)
  8 endoplasms
  3 giant cockroaches
  4 goblins
  8 hobgoblins
  2 jackals (D:1)
  A quokka (D:4)
  5 ball pythons
  5 bats
  2 frilled lizards
  8 kobolds
  A rat (D:1)
  2 rat zombies (D:6)
126 creatures vanquished.

Vanquished Creatures (others)
  5 fungi (D:3)
5 creatures vanquished.

Grand Total: 131 creatures vanquished

Notes
Turn   | Place    | Note
-------+----------+-------------------------------------------
     0 | D:1      | DildoBatman the Formicid Conjurer began the quest for the
                  | Orb.
     0 | D:1      | Reached XP level 1. HP: 13/13 MP: 3/3
   223 | D:1      | Reached XP level 2. HP: 19/19 MP: 0/5
   226 | D:1      | Learned a level 2 spell: Searing Ray
   317 | D:1      | Found Wilied's Weapon Boutique.
   404 | D:1      | Reached XP level 3. HP: 24/24 MP: 1/6
   552 | D:1      | Found a faded altar of an unknown god.
  1188 | D:2      | Reached XP level 4. HP: 23/30 MP: 0/7
  1330 | D:2      | Reached skill level 5 in Conjurations
  1809 | D:3      | Found an ornate altar of the Wu Jian Council.
  1821 | D:3      | Noticed a phantom
  2005 | D:3      | Noticed Sigmund
  2108 | D:3      | Found a snail-covered altar of Cheibriados.
  2124 | D:3      | Noticed Ijyb
  2221 | D:3      | Noticed a phantom
  2258 | D:3      | Identified the +5 chain mail "Dinticw" {Int+4 SInv}
  2388 | D:4      | Noticed a scorpion
  2407 | D:4      | Killed a scorpion
  2408 | D:4      | Reached XP level 5. HP: 5/35 MP: 2/8
  2679 | D:4      | Identified the +8 war axe of Valour {antimagic, rPois Int-3
                  | Dex+4 SInv}
  2719 | D:4      | Noticed an ogre
  2769 | D:4      | Killed an ogre
  2770 | D:4      | Reached skill level 1 in Fighting
  2770 | D:4      | Reached skill level 1 in Armour
  2770 | D:4      | Reached XP level 6. HP: 43/43 MP: 1/9
  2772 | D:4      | Found a basalt altar of Yredelemnul.
  3286 | D:4      | Reached skill level 3 in Spellcasting
  3410 | D:4      | Reached XP level 7. HP: 43/50 MP: 8/12
  3431 | D:4      | Found a broken altar of Ashenzari.
  3537 | D:5      | Entered Level 5 of the Dungeon
  3583 | D:5      | Reached skill level 4 in Spellcasting
  3676 | D:5      | Reached skill level 5 in Spellcasting
  3702 | D:5      | Found a hide-covered altar of Uskayaw.
  3805 | D:5      | Found Niuhoem's Jewellery Emporium.
  3884 | D:5      | Reached skill level 6 in Spellcasting
  3884 | D:5      | Reached XP level 8. HP: 56/56 MP: 12/17
  4620 | D:6      | Reached skill level 7 in Spellcasting
  4963 | D:6      | Found Zedut's Antique Armour Boutique.
  5186 | D:6      | Found an ancient bone altar of Kikubaaqudgha.
  5188 | D:6      | Became a worshipper of Kikubaaqudgha
  5339 | D:4      | Reached XP level 9. HP: 33/65 MP: 16/19
  5464 | D:3      | Found a shadowy altar of Dithmenos.
  5577 | D:3      | Killed Ijyb
  5605 | D:3      | Killed Sigmund
  5683 | D:3      | Reached * piety under Kikubaaqudgha
  5683 | D:3      | Received a gift from Kikubaaqudgha
  5688 | D:3      | Learned a level 3 spell: Vampiric Draining
  5751 | D:3      | Reached skill level 5 in Fighting
  5821 | D:3      | Found a runed translucent door.
  5822 | D:3      | Noticed Crazy Yiuf
  6117 | D:2      | Reached skill level 5 in Armour
  7090 | D:7      | Noticed a deep elf pyromancer
  7090 | D:7      | Noticed a slime creature
  7092 | D:7      | Noticed a hornet
  7156 | D:6      | Reached skill level 5 in Necromancy
  7198 | D:7      | Noticed a troll
  7377 | D:5      | HP: 2/66 [troll (5)]
  8111 | D:7      | Slain by a vampire mosquito

Illustrated notes

Levels and vault maps discovered:
D:1:      minmay_arrival_shoal_huts, layout_basic, serial_shops,
          nicolae_shop_bloodbath_and_beyond,
          shapermc_ecumenical_altar_mp_vishouse, nicolae_grassy_gnolls
D:2:      layout_basic, serial_curves, eino_curves_04, eino_curves_04,
          minmay_splitting_lines
D:3:      layout_basic, mainiacjoe_overflow_24_doors, lemuel_round_altar,
          lemuel_coloured_pillars_altar, uniq_crazy_yiuf_cottage, uniq_ijyb,
          uniq_sigmund
D:4:      layout_basic, kennysheep_little_box, marbit_many_paths
D:5:      layout_gridville, mainiacjoe_overflow_paths, serial_shops, shop
D:6:      layout_loops_corners, lemuel_zombie_altar_kikubaaqudgha, serial_shops,
          shop
D:7:      minmay_the_grid_plus [minmay_the_grid_dragon_b,
          minmay_the_grid_outer_circle, minmay_the_grid_doors,
          minmay_the_grid_box_x, minmay_the_grid_prize_four_corners],
          layout_basic, minmay_temple_entry_wispy, serial_curves,
          eino_curves_01, eino_curves_01

Skill      XL: |  1  2  3  4  5  6  7  8  9 |
---------------+----------------------------+-----
Conjurations   | 4 5 6 |  6.0
Fighting       | 1 2 4 5 |  5.0
Armour         | 1 2 4 5 |  5.0
Spellcasting   | 3 6 7 |  7.0
Dodging        | 3 |  3.0
Necromancy     | 5 |  5.9
Stealth        | |  2.4

Action                   |  1- 3 |  4- 6 |  7- 9 || total
-------------------------+-------+-------+-------++-------
Melee: Whip              |    18 |       |       ||    18
       Dagger            |    22 |    25 |     5 ||    52
       Punch             |     1 |       |       ||     1
       War axe           |       |     3 |     8 ||    11
       Flail             |       |       |    17 ||    17
 Cast: Magic Dart        |    21 |    24 |    20 ||    65
       Searing Ray       |     6 |    11 |    59 ||    76
       Vampiric Draining |       |       |    16 ||    16
 Abil: Dig               |       |     1 |     3 ||     4
  Use: Scroll            |       |     2 |     1 ||     3
       Potion            |       |     1 |     7 ||     8
 Stab: Sleeping          |     2 |     3 |       ||     5
Armor: Robe              |    10 |     3 |    22 ||    35
Dodge: Dodged            |    22 |    14 |    91 ||   127
